 Dungeon Crawl Stone Soup version 0.29.1-15-g9cfb28693d (webtiles) character file.

Game seed: 16646763770537393056

10 Heoruswealwe the Digger (level 2, 15/15 HPs)
             Began as a Deep Elf Earth Elementalist on Apr 13, 2023.
             Was a Follower of Trog.
             Got out of the dungeon alive.
             The game lasted 00:01:52 (226 turns).

Heoruswealwe the Digger (DEEE)                       Turns: 226, Time: 00:01:53

Health: 15/15      AC:  2    Str:  5    XL:     2   Next: 10%
Magic:  8/8        EV: 12    Int: 19    God:    Trog [*.....]
Gold:   33         SH:  0    Dex: 15    Spells: 7/8 levels left

rFire   . . .      SeeInvis .   (no weapon)
rCold   . . .      Faith    .   (no shield)
rNeg    . . .      Spirit   .   a - +0 robe
rPois   .          Reflect  .   (no helmet)
rElec   .          Harm     .   (no cloak)
rCorr   .          Rampage  .   (no gloves)
Will    .....                   (no boots)
Stlth   ++........              (no amulet)
HPRegen 0.05/turn               (no ring)
MPRegen 0.11/turn               (no ring)

@: no status effects
A: no striking features
a: Renounce Religion, Berserk


You escaped.
You worshipped Trog.
Trog was aware of your devotion.
You visited 1 branch of the dungeon, and saw 1 of its levels.

You collected 33 gold pieces.

Inventory:

Armour
 a - a +0 robe (worn)
Scrolls
 e - a scroll of immolation {unknown}
 f - a scroll of fog {unknown}
Potions
 b - a potion of magic
 c - a potion of haste {unknown}
 d - a potion of attraction {unknown}


   Skills:
 - Level 2.4 Dodging
 - Level 2.4 Stealth
 - Level 3.5 Spellcasting
 - Level 1.1 Transmutations
 - Level 3.6 Earth Magic


You had 7 spell levels left.
You knew the following spells:

 Your Spells              Type           Power      Damage    Failure   Level
a - Sandblast             Erth           34%        2d9       3%          1

Your spell library contained the following spells:

 Spells                   Type           Power      Damage    Failure   Level
 Passwall                 Tmut/Erth      10%        N/A       9%          2
 Stone Arrow              Conj/Erth      20%        3d8       21%         3
 Petrify                  Tmut/Erth      12%        N/A       47%         4


Dungeon Overview and Level Annotations

Branches:
Dungeon (1/15)

Altars:
Trog


Message History

a +0 dagger; a goblin corpse A kobold comes into view.
It is wielding a +0 club.
A kobold comes into view. It is wielding a +0 club.
The kobold shouts!
You hear a shout!
The kobold shouts!
You hear a shout!
A goblin comes into view. It is wielding a +0 club.
The blast of sand hits the kobold!
You kill the kobold!
A goblin comes into view. It is wielding a +0 dagger.
The blast of sand hits the goblin!
You kill the goblin!
You have reached level 2!
The blast of sand hits the kobold.
You kill the kobold!
The blast of sand hits the goblin.
You kill the goblin!
You see here a +0 tower shield.
You see here a +0 club.
f - a scroll labelled QESITS WUXO
Things that are here:
a +0 club; a +0 club; a kobold corpse
Things that are here:
a +0 dagger; a goblin corpse You open the door.
Found two gnoll skeletons.
There is an open door here.
You open the door.
Found a faded altar of an unknown god.
There is an open door here.
There is a faded altar of an unknown god here.
You cannot tell which god this altar belongs to.
Convert to them anyway?
Trog accepts your prayer! Trog welcomes you!
You can now go berserk at will.
There is an open door here.
There is an open door here.
You see here a rat corpse.
There is a staircase leading out of the dungeon here.
You can't go down here!
Are you sure you want to leave the Dungeon?
This will make you lose the game!
You have escaped!

.#...≈.≈...≈.≈...≈
.#.≈≈≈.≈≈≈.≈≈≈.≈≈≈..#
.#.≈..>..≈....>≈....#
.#.≈.≈≈≈.≈.≈≈≈.≈≈≈..
.#.≈.≈.≈.≈.≈.≈...≈.#
.#.≈≈≈.≈≈≈.≈.≈≈≈≈≈.#
.#.....†..>≈.......# #
...≈≈≈.≈≈≈.≈.≈≈≈≈≈.#....
...≈.≈.≈.≈.≈.≈..@≈...#
...≈.≈≈≈.≈.≈≈≈.≈≈≈......
...≈..>..≈....>≈....####
...≈≈≈.≈≈≈.≈≈≈.≈≈≈.##
.....≈.≈...≈.≈...≈...#
...≈≈≈.≈≈≈≈≈.≈≈≈≈≈.#..
...................##..
...........(..##...# ##
########..#..##....#


There were no monsters in sight!

Vanquished Creatures
  An endoplasm (D:1)
  3 goblins (D:1)
  2 bats (D:1)
  A frilled lizard (D:1)
  2 kobolds (D:1)
  2 rats (D:1)
11 creatures vanquished.

Notes
Turn   | Place    | Note
-------+----------+-------------------------------------------
     0 | D:1      | Heoruswealwe the Deep Elf Earth Elementalist began the
                  | quest for the Orb.
     0 | D:1      | Reached XP level 1. HP: 10/10 MP: 6/6
   111 | D:1      | Reached XP level 2. HP: 15/15 MP: 2/8
   178 | D:1      | Found a faded altar of an unknown god.
   185 | D:1      | Prayed at the altar of an unknown god.
   185 | D:1      | Became a worshipper of Trog the Wrathful
   185 | D:1      | Reached * piety under Trog
   226 | D:$      | Got out of the dungeon alive.

Illustrated notes

Levels and vault maps discovered:
D:1:      evilmike_arrival_hilbert_curve, layout_rooms,
          dilly_ecumenical_altar_fadedgnrine

Action                   || total
-------------------------++-------
 Cast: Sandblast         ||    15
Armor: Robe              ||     3
Dodge: Dodged            ||     4
